 Dungeon Crawl Stone Soup version 0.16-a0-3154-g62f4276 (webtiles) character file.

200 Phoenix the Sneak (level 5, -6/35 HPs)
             Began as a Lacertilian Berserker on Mar 10, 2015.
             Was an Elder of Trog.
             Mangled by a gnoll
             ... wielding a +0 flail
              (9 damage)
             ... on level 3 of the Dungeon.
             The game lasted 00:17:06 (4153 turns).

Phoenix the Sneak (Lacertilian Berserker)           Turns: 4153, Time: 00:17:06

Health: -6/35      AC:  5    Str: 16    XL:     5   Next: 49%
Magic:  4/4        EV: 12    Int:  7    God:    Trog [****..]
Gold:   82         SH:  0    Dex: 15    Spells: 0 memorised, 4 levels left

rFire  . . .     SeeInvis .     l - +0 whip (curse)
rCold  + . .     Clarity  .     b - +0 animal skin
rNeg   . . .     SustAb   .     (no shield)
rPois  .         Gourm    .     (no helmet)
rElec  .         Spirit   .     (no cloak)
rCorr  .         Warding  .     (no gloves)
rMut   .         Stasis   .     (no boots)
MR     .....                    (no amulet)
Stlth  ++++......               (no ring)
                                h - ring of protection from cold

@: not resistant to hostile enchantments, stealthy
A: strong connection with the divine, slimy green scales 2, camouflage 1
a: Burn Spellbooks, Berserk, Trog's Hand, Brothers in Arms, Renounce Religion


You were on level 3 of the Dungeon.
You worshipped Trog.
Trog was greatly pleased with you.
You were not hungry.

You visited 1 branch of the dungeon, and saw 3 of its levels.

You collected 82 gold pieces.

Inventory:

Hand weapons
 a - a +0 mace
 l - a cursed +0 whip (weapon)
 p - a cursed +0 whip
 v - a +1 whip of venom
Armour
 b - a +0 animal skin (worn)
 g - a +1 buckler
Jewellery
 h - a ring of protection from cold (left hand)
Magical devices
 w - a wand of disintegration (16)
Scrolls
 e - a scroll of blinking
 m - a scroll of amnesia
Potions
 d - a potion of might {unknown}
 i - a potion of restore abilities {unknown}
 n - 2 potions of agility {unknown}
 o - 2 potions of ambrosia {unknown}
 s - 3 potions of haste {unknown}
 t - a potion of lignification {unknown}
Comestibles
 c - 2 bread rations
 j - 6 fruits
 k - a meat ration


   Skills:
 - Level 2.4 Fighting
 + Level 4.2 Maces & Flails
 - Level 2.0 Armour
 - Level 2.0 Dodging
 * Level 5.2 Stealth


You had 4 spell levels left.
You didn't know any spells.

Dungeon Overview and Level Annotations

Branches:
Dungeon (3/15)

Altars:


Innate Abilities, Weirdness & Mutations

You have a strong connection with the divine.
You may change religions without suffering divine wrath.
You are mostly covered in slimy green scales (AC +3).
Your skin changes colour to match your surroundings (Stealth).


Message History

The gnoll closely misses you.
You hit the gnoll but do no damage. The gnoll hits you with a flail!
You hit the gnoll but do no damage. The gnoll barely misses you.
Your magical contamination has completely faded away.
You barely miss the gnoll. You barely miss the gnoll.
The gnoll barely misses you.
You hit the gnoll but do no damage. The gnoll closely misses you.
You hit the gnoll.
The gnoll is lightly wounded.
The gnoll hits you with a flail!
You hit the gnoll but do no damage. You tail-slap the gnoll.
The gnoll is moderately wounded.
You hit the gnoll but do no damage.
The gnoll is moderately wounded.
The gnoll hits you with a flail!
* * * LOW HITPOINT WARNING * * *
You barely miss the gnoll.
The gnoll is moderately wounded.
The gnoll hits you with a flail!
You die...

.......≈≈≈.# .......≈≈###
.......≈≈#.. ######### '##
.......≈≈#gg #......... .....g.
.++#+#.≈≈#####≈≈≈≈≈≈≈≈≈≈ ≈....≈≈≈
.###.#.≈≈≈≈≈≈≈≈≈≈≈≈≈≈≈≈≈≈≈....≈≈≈
.......≈≈≈≈≈≈≈≈≈≈≈≈≈≈≈≈≈≈≈....≈≈≈
####.#..P....................)..h
................@g........g......
####..........########.......[...
######..........# ..######.##
..............#.# .........).
#####.........#.# #.#.#####.##
..............#.# #.#........#
.####.#.......#.# #.#...##...#
.##...........#.# #.#........#
.##.#.#.#######.# #)#...##....


You could see 2 gnolls.

Vanquished Creatures
  6 gnolls
  5 adders
  A worm (D:3)
  4 giant geckos
  An ooze (D:3)
  An orc (D:3)
  8 giant cockroaches
  9 goblins
  12 hobgoblins
  15 jackals
  3 ball pythons
  3 bats (D:1)
  2 giant newts (D:2)
  10 kobolds
  11 rats
91 creatures vanquished.

Notes
Turn   | Place    | Note
--------------------------------------------------------------
     0 | D:1      | Phoenix, the Lacertilian Berserker, began the quest for the Orb.
     0 | D:1      | Reached XP level 1. HP: 15/15 MP: 1/1
   193 | D:1      | Reached skill level 1 in Stealth
   314 | D:1      | Reached skill level 3 in Maces & Flails
   324 | D:1      | Reached XP level 2. HP: 20/20 MP: 2/2
   852 | D:1      | Acquired Trog's second power
  1113 | D:1      | Reached XP level 3. HP: 21/25 MP: 3/3
  1880 | D:2      | Reached XP level 4. HP: 30/30 MP: 3/3
  2254 | D:2      | Reached skill level 4 in Stealth
  2601 | D:3      | Acquired Trog's third power
  2964 | D:3      | Reached XP level 5. HP: 9/35 MP: 4/4
  3282 | D:3      | Reached skill level 5 in Stealth
  4153 | D:3      | Mangled by a gnoll

Action                   |  1- 3 |  4- 6 || total
-------------------------+-------+-------++-------
Melee: Mace              |   145 |   130 ||   275
       Whip              |       |     9 ||     9
Invok: Berserk           |       |     4 ||     4
  Use: Scroll            |       |     4 ||     4
 Stab: Sleeping          |     7 |     3 ||    10
       Distracted        |       |     2 ||     2
  Eat: Chunk             |     3 |    11 ||    14
       Bread ration      |       |     1 ||     1
